 Dungeon Sprint DCSS version 0.21.1-1-g345015f (webtiles) character file.

638 Fang the Cleaver (level 7, -28/106 (111) HPs)
             Began as a Minotaur Berserker on Apr 19, 2018.
             Was a Priest of Trog.
             Annihilated by a tyrant leech (34 damage)
             ... in the Dungeon (Sprint II: "The Violet Keep of Menkaure").
             The game lasted 00:01:02 (551 turns).

Fang the Cleaver (Minotaur Berserker)                Turns: 551, Time: 00:01:02

HP:   -28/106 (111) AC:  2    Str: 28    XL:     7   Next: 25%
MP:   6/6           EV: 14    Int:  4    God:    Trog [***...]
Gold: 243           SH:  0    Dex: 10    Spells: 6/6 levels left

rFire    . . .     SeeInvis .   a - +0 hand axe
rCold    . . .     Gourm    .   (no shield)
rNeg     . . .     Faith    .   b - +0 animal skin
rPois    .         Spirit   .   (helmet restricted)
rElec    .         Reflect  .   (no cloak)
rCorr    .         Harm     .   (no gloves)
MR       .....     NoTele   +   (no boots)
Stlth    ..........             (no amulet)
HPRegen  0.27/turn              (no ring)
MPRegen  0.10/turn              (no ring)

@: berserking (expiring), very quick
A: retaliatory headbutt, horns 2
a: Berserk, Trog's Hand, Burn Spellbooks, Renounce Religion


You were in the Dungeon.
You worshipped Trog.
Trog was most pleased with you.
You were not hungry.

You visited 1 branch You collected 243 gold pieces.

Inventory:

Hand Weapons
 a - a +0 hand axe (weapon)
Armour
 b - a +0 animal skin (worn)
Scrolls
 i - a scroll of blinking
Potions
 d - a potion of curing
 e - a potion of heal wounds
 f - a potion of haste
 g - 2 potions of magic
 h - a potion of berserk rage
Comestibles
 c - a ration
 j - 4 chunks of flesh


   Skills:
 + Level 11.5 Fighting
 + Level 12.8 Axes
 + Level 6.3 Armour
 + Level 5.9 Dodging
 + Level 0.1 Stealth


You had 6 spell levels left.
You didn't know any spells.

Dungeon Overview and Level Annotations

Branches:
Dungeon (1/1)

Altars:


Innate Abilities, Weirdness & Mutations

You reflexively headbutt those who attack you in melee.
You have a pair of horns on your head.


Message History

Unknown command.
You barely miss the tyrant leech.
The tyrant leech is moderately wounded.
Unknown command.
You slash the tyrant leech!
The tyrant leech is severely wounded.
The tyrant leech bites you!!
* * * LOW HITPOINT WARNING * * *
The tyrant leech draws strength from your injuries!
Unknown command.
Unknown command.
You barely miss the tyrant leech.
The tyrant leech is lightly wounded.
Unknown command.
You slash the tyrant leech!
The tyrant leech is moderately wounded.
You closely miss the tyrant leech. Your headbutt misses the tyrant leech.
The tyrant leech is moderately wounded.
The tyrant leech bites you!!
You die...

## ##
##. .##
#..#..#
#...# ##
##+###.#
##.##..#
+.<.'#
##@##..#
#w# #.#
$#. ##
.. ..
##. .##
## ##


You could see a tyrant leech.

Vanquished Creatures
  A tyrant leech (D)
  4 necrophages (D)
  4 worker ants (D)
9 creatures vanquished.

Vanquished Creatures (others)
  A crocodile (D)
1 creature vanquished.

Grand Total: 10 creatures vanquished

Notes
Turn   | Place    | Note
-------+----------+-------------------------------------------
     0 | D        | Fang the Minotaur Berserker began the quest for the Orb.
     0 | D        | Reached XP level 1. HP: 19/19 MP: 0/0
     1 | D        | Noticed a tyrant leech
     1 | D        | Noticed a tyrant leech
     5 | D        | Noticed a necrophage
     5 | D        | Noticed a necrophage
     5 | D        | Noticed a necrophage
     5 | D        | Noticed a necrophage
     9 | D        | Noticed a worker ant
     9 | D        | Noticed a worker ant
     9 | D        | Noticed a worker ant
     9 | D        | Noticed a worker ant
    15 | D        | Killed a necrophage
    15 | D        | Reached skill level 7 in Axes
    15 | D        | Reached XP level 2. HP: 9/32 MP: 1/1
    15 | D        | Reached XP level 3. HP: 10/37 MP: 2/2
    15 | D        | Reached XP level 4. HP: 13/45 MP: 3/3
    21 | D        | Killed a necrophage
    21 | D        | Reached skill level 9 in Axes
    21 | D        | Reached XP level 5. HP: 13/54 MP: 4/4
    25 | D        | Killed a necrophage
    25 | D        | Reached ** piety under Trog
    25 | D        | Reached skill level 10 in Axes
    25 | D        | Reached skill level 5 in Armour
    27 | D        | HP: 2/81 [necrophage (3)]
    28 | D        | Killed a necrophage
    28 | D        | Reached skill level 10 in Fighting
    28 | D        | Reached skill level 11 in Axes
    28 | D        | Reached skill level 5 in Dodging
    28 | D        | Reached XP level 6. HP: 3/63 MP: 5/5
   455 | D        | Reached *** piety under Trog
   545 | D        | Killed a tyrant leech
   545 | D        | Reached skill level 12 in Axes
   545 | D        | Reached XP level 7. HP: 35/71 MP: 6/6
   551 | D        | Annihilated by a tyrant leech

Skill      XL: |  1  2  3  4  5  6 |
---------------+-------------------+-----
Fighting       | 7 8 10 11 | 11.5
Axes           | 7 9 11 12 | 12.8
Armour         | 3 4 5 6 |  6.3
Dodging        | 3 4 5 |  5.9
Stealth        | |  0.1

Action                   |  1- 3 |  4- 6 |  7- 9 || total
-------------------------+-------+-------+-------++-------
Melee: Hand axe          |     4 |    35 |     6 ||    45
       Headbutt          |     1 |     8 |     1 ||    10
Invok: Berserk           |     1 |     1 |       ||     2
Armor: Animal skin       |     1 |     1 |       ||     2
Dodge: Dodged            |     4 |     9 |       ||    13
